 Dungeon Sprint DCSS version 0.19-a0-1442-g3b32ff5 (webtiles) character file.

3136 poirepourri the Cleaver (level 9, -5/102 HPs)
             Began as a Deep Dwarf Fighter on Sept 5, 2016.
             Was a Priest of Makhleb.
             Succumbed to a redback's poison
             ... in the Dungeon (Sprint I: "Red Sonja").
             The game lasted 00:02:20 (407 turns).

poirepourri the Cleaver (Deep Dwarf Fighter)         Turns: 407, Time: 00:02:21

Health: -5/102     AC: -1    Str: 22    XL:     9   Next: 61%
Magic:  10/11      EV: 14    Int:  9    God:    Makhleb [***...]
Gold:   556        SH:  9    Dex: 13    Spells: 0 memorised, 8 levels left

rFire  . . .     SeeInvis .     a - +0 war axe
rCold  . . .     Gourm    .     b - +0 scale mail
rNeg   . . .     Faith    .     c - +0 shield
rPois  .         Spirit   .     (no helmet)
rElec  .         Dismiss  .     (no cloak)
rCorr  .         Reflect  .     (no gloves)
MR     +....     Harm     .     (no boots)
Stlth  .......... NoTele   +    (no amulet)
                                (no ring)
                                (no ring)

@: lethally poisoned (-5 -> -131), corroded, very slightly contaminated,
non-regenerating
A: damage resistance, recharge devices, sense surroundings 2, slow regeneration
3
a: Device Recharging, Minor Destruction, Lesser Servant of Makhleb, Renounce
Religion


You were in the Dungeon.
You worshipped Makhleb.
Makhleb was most pleased with you.
You were not hungry.

You visited 1 branch You collected 556 gold pieces.

Inventory:

Hand Weapons
 a - a +0 war axe (weapon)
Armour
 b - a +0 scale mail (worn)
 c - a +0 shield (worn)
Wands
 e - a wand of heal wounds (0/9)
 m - a wand of slowing (29/48)
Scrolls
 d - a scroll of identify {unknown}
 n - a scroll of fear {unknown}
Potions
 g - a potion of curing
 i - a potion of haste
 j - 2 potions of magic
 k - a potion of berserk rage
Comestibles
 f - a bread ration


   Skills:
 + Level 13.2 Fighting
 + Level 13.5 Axes
 - Level 3.2 Armour
 + Level 11.3 Dodging
 - Level 3.2 Shields
 + Level 6.7 Evocations


You had 8 spell levels left.
You didn't know any spells.

Dungeon Overview and Level Annotations

Branches:
Dungeon (1/1)

Altars:
Cheibriados
Dithmenos
Elyvilon
Fedhas
Gozag
Hepliaklqana
Kikubaaqudgha
Makhleb
Nemelex Xobeh
Okawaru
Qazlal
Ru
Sif Muna
Trog
Uskayaw
Vehumet
Xom
Yredelemnul
Zin
The Shining One
Jiyva
Lugonu

Shops:
D (


Innate Abilities, Weirdness & Mutations

You are resistant to damage.
You can recharge devices by infusing magical energy.
You passively map the area around you.
You do not regenerate.


Message History

* * * LOW HITPOINT WARNING * * *
You feel extremely sick. The redback bites you!
* * * LOW HITPOINT WARNING * * *
Evoke which item? (* to show all) (? for menu, Esc to quit)
Zapping:
e - a wand of heal wounds (1/9)
Press: ? - help, Shift-Dir - straight line, f - you You feel much better.
This wand has 0 charges left.
* * * LOW HITPOINT WARNING * * *
You feel extremely sick. The redback misses you. The redback bites you!
* * * LOW HITPOINT WARNING * * *
Evoke which item? (* to show all) (? for menu, Esc to quit)
This wand has no charges.
Unknown command.
Blink to where?
Press: ? - help, Dir - move target cursor You are very lightly contaminated with residual magic.
As you read the scroll of blinking, it crumbles to dust.
You die...

###################*
*
).#.)'..#__#..')..#
, , , +, ,
..'..#..(^.'..#...#
* , ,
#'#####(#__####...+
, ,
..#...#)####§[#####
, ###..##)#≈§§§§#§.#
** , *
__##'#..'§§§§.§§.# ,
,*,, *
...§..._#§§≈§§#§@# ,
* ,
__##_§#'##+#####'###
, , , __###+#§#
#.§§# * * ### * ###
+ ###§#, , ,, , ,, +
, , *#§# * , , , #s#
*,, , ** ,, , #§# ,
, , , ,, ,,+§# * , ,
,, * #.#, , *


There were no monsters in sight!

Vanquished Creatures
  2 centaur warriors (D)
  An oklob plant (D)
  2 kobold demonologists (D)
  A slime creature (D)
  Sigmund (D)
  A redback (D)
  A yak (D)
  A giant eyeball (D)
  A wasp (D)
  An ogre (D)
  A jelly (D)
  Ijyb (D)
14 creatures vanquished.

Notes
Turn   | Place    | Note
-------+----------+-------------------------------------------
     0 | D        | poirepourri the Deep Dwarf Fighter began the quest for the Orb.
     0 | D        | Reached XP level 1. HP: 20/20 MP: 1/1
     4 | D        | Noticed Ijyb
    13 | D        | Killed Ijyb
    13 | D        | Reached skill level 5 in Fighting
    13 | D        | Reached XP level 2. HP: 30/32 MP: 2/2
    17 | D        | Noticed an ogre
    26 | D        | Killed an ogre
    26 | D        | Reached skill level 5 in Axes
    26 | D        | Reached skill level 1 in Evocations
    26 | D        | Reached XP level 3. HP: 33/44 MP: 3/3
    26 | D        | Reached XP level 4. HP: 39/52 MP: 4/4
    40 | D        | Noticed Sigmund
    49 | D        | Killed Sigmund
    49 | D        | Reached XP level 5. HP: 43/63 MP: 4/6
    49 | D        | Reached XP level 6. HP: 49/72 MP: 4/7
    64 | D        | Found a burning altar of Makhleb.
    64 | D        | Found a viscous altar of Jiyva.
    64 | D        | Found a shimmering altar of Xom.
    64 | D        | Found a corrupted altar of Lugonu.
    64 | D        | Noticed a slime creature
    76 | D        | Killed a slime creature
    76 | D        | Reached skill level 10 in Fighting
    76 | D        | Reached skill level 5 in Dodging
    83 | D        | Became a worshipper of Makhleb the Destroyer
    87 | D        | Found a deep blue altar of Sif Muna.
    89 | D        | Found a radiant altar of Vehumet.
   127 | D        | Found Fusun's Antique Weapon Emporium.
   127 | D        | Found an ancient bone altar of Kikubaaqudgha.
   127 | D        | Found a hazy altar of Hepliaklqana.
   127 | D        | Found a stormy altar of Qazlal.
   127 | D        | Found a hide-covered altar of Uskayaw.
   127 | D        | Found a blossoming altar of Fedhas.
   127 | D        | Found a bloodstained altar of Trog.
   127 | D        | Found an iron altar of Okawaru.
   127 | D        | Found a basalt altar of Yredelemnul.
   127 | D        | Found a glowing golden altar of the Shining One.
   127 | D        | Found a snail-covered altar of Cheibriados.
   127 | D        | Found a sacrificial altar of Ru.
   127 | D        | Found a glowing silver altar of Zin.
   127 | D        | Found a shadowy altar of Dithmenos.
   127 | D        | Found a white marble altar of Elyvilon.
   127 | D        | Noticed a yak
   143 | D        | Killed a yak
   143 | D        | Reached XP level 7. HP: 71/81 MP: 9/9
   144 | D        | Found an opulent altar of Gozag.
   145 | D        | Found a sparkling altar of Nemelex Xobeh.
   244 | D        | Noticed a kobold demonologist
   245 | D        | Noticed a kobold demonologist
   246 | D        | Paralysed by a giant eyeball for 4 turns
   247 | D        | Noticed an ice devil
   251 | D        | Reached * piety under Makhleb
   252 | D        | Noticed an ice devil
   257 | D        | Noticed an orange demon
   259 | D        | Killed a kobold demonologist
   259 | D        | Reached skill level 10 in Axes
   261 | D        | Noticed an ice devil
   276 | D        | Noticed a red devil
   281 | D        | Killed a kobold demonologist
   281 | D        | Reached XP level 8. HP: 69/91 MP: 10/10
   302 | D        | Noticed a centaur warrior
   303 | D        | Noticed a centaur warrior
   321 | D        | Killed a centaur warrior
   321 | D        | Reached ** piety under Makhleb
   321 | D        | Reached skill level 5 in Evocations
   340 | D        | Killed a centaur warrior
   340 | D        | Reached skill level 10 in Dodging
   340 | D        | Gained mutation: You passively map the area around you. [Deep Dwarf growth]
   340 | D        | Reached XP level 9. HP: 59/102 MP: 12/12
   374 | D        | Noticed an oklob plant
   385 | D        | Killed an oklob plant
   403 | D        | Reached *** piety under Makhleb
   406 | D        | HP: 5/102 [redback (15)]
   407 | D        | Succumbed to a redback's poison

Vault maps used:
D:        dungeon_sprint_1

Skill      XL: |  1  2  3  4  5  6  7  8  9 |
---------------+----------------------------+-----
Fighting       | 5 7 9 11 12 13 | 13.2
Axes           | 3 5 6 9 11 12 13 | 13.5
Dodging        | 2 3 5 7 10 11 | 11.3
Evocations     | 1 3 4 6 |  6.7
Armour         | |  3.2
Shields        | |  3.2

Action                   |  1- 3 |  4- 6 |  7- 9 || total
-------------------------+-------+-------+-------++-------
Melee: War axe           |    15 |    34 |    73 ||   122
 Abil: Device Recharging |       |       |     3 ||     3
Evoke: Wand              |     1 |     3 |    12 ||    16
  Use: Potion            |       |       |     2 ||     2
       Scroll            |       |       |     1 ||     1
Armor: Scale mail        |     3 |     4 |    18 ||    25
Dodge: Dodged            |     1 |    12 |    35 ||    48
Block: Shield            |     9 |    10 |    46 ||    65
